 Dungeon Crawl Stone Soup version 0.29.1-12-g30fa7ad0bf (webtiles) character file.

Game seed: 7813849312262282983

57129 Radix the Severer (level 14, -9/137 HPs)
             Began as a Minotaur Berserker on Jan 11, 2023.
             Was a High Priest of Trog.
             Killed from afar by a deep elf zephyrmancer (30 damage)
             ... with a bolt of lightning
             ... on level 1 of the Elven Halls.
             The game lasted 01:31:23 (16102 turns).

Radix the Severer (Minotaur Berserker)             Turns: 16102, Time: 01:31:28

Health: -9/137     AC: 34    Str: 32    XL:     14   Next: 44%
Magic:  13/13      EV: 16    Int:  7    God:    Trog [*****.]
Gold:   1426       SH:  0    Dex: 14    Spells: 13/13 levels left

rFire   . . .      SeeInvis .   c - +9 executioner's axe (freeze)
rCold   . . .      Faith    .   (shield currently unavailable)
rNeg    . . .      Spirit   .   y - +7 plate armour
rPois   .          Reflect  .   W - +2 hat
rElec   .          Harm     .   b - +1 cloak
rCorr   .          Rampage  .   G - +0 pair of fencer's gloves {Riposte Dex+3}
Will    +++..                   D - +0 pair of boots of the Crypt {Str+4 Int+3}
Stlth   ..........              R - amulet "Sor Vius" {Regen+ Str+2}
HPRegen 2.12/turn               s - +4 ring of evasion
MPRegen 0.13/turn               F - +4 ring of protection

@: marked, strong-willed, on berserk cooldown, regenerating, hasted and slowed
A: horns 2, retaliatory headbutt
a: Renounce Religion, Berserk, Trog's Hand, Brothers in Arms


You were on level 1 of the Elven Halls.
You worshipped Trog.
Trog was extremely pleased with you.
You visited 4 branches of the dungeon, and saw 18 of its levels.
You also visited: Gauntlet.

You collected 2856 gold pieces.
You spent 1430 gold pieces at shops.

Inventory:

Hand Weapons
 c - a +9 executioner's axe of freezing (weapon)
 J - the +5 broad axe of the Narrow God {drain, Fragile rC+++ rCorr SInv}
   (You bought it in a shop on level 2 of the Orcish Mines)

   A truly terrible weapon, it drains the life of any living foe it strikes.
   rC:        It renders you almost immune to cold.
   SInv:      It lets you see invisible.
   rCorr:     It protects you from acid and corrosion.
   Fragile:   It will be destroyed if unequipped.
 K - a +4 war axe
 V - the +11 battleaxe of Day {flame, rElec}
   (You found it in a Gauntlet)

   It burns those it strikes, dealing additional fire damage.
   Big, fiery blades are also staple armaments of hydra-hunters.
   rElec:     It insulates you from electricity.
Missiles
 g - 41 poisoned darts
 u - 7 boomerangs
 v - 2 throwing nets
 E - 12 javelins (quivered)
 Z - 4 curare-tipped darts
Armour
 b - a +1 cloak (worn)
 n - a +0 buckler
 y - a +7 plate armour (worn)
 D - the +0 pair of boots of the Crypt (worn) {Str+4 Int+3}
   (You bought it in a shop on level 2 of the Orcish Mines)

   Str:       It affects your strength (+4).
   Int:       It affects your intelligence (+3).
 G - the +0 pair of fencer's gloves (worn) {Riposte Dex+3}
   (You acquired it on level 5 of the Dungeon)

   It allows the wearer to riposte with melee weapons, swiftly retaliating
   against missed or blocked melee attacks.
   Dex:       It affects your dexterity (+3).
 H - +0 acid dragon scales
 U - quicksilver dragon scales
 W - a +2 hat (worn)
 X - a +3 leather armour of willpower
Jewellery
 f - an amulet of reflection
 p - an amulet of magic regeneration
 s - a +4 ring of evasion (left hand)
 F - a +4 ring of protection (right hand)
 M - a ring of poison resistance
 O - a ring of willpower
 R - the amulet "Sor Vius" (around neck) {Regen+ Str+2}
   (You found it in a Gauntlet)

   [amulet of regeneration]

   Str:       It affects your strength (+2).
   Regen:     It increases your rate of health regeneration.
 T - a +6 ring of intelligence
 Y - a ring of willpower
Wands
 a - a wand of polymorph (20)
 C - a wand of mindburst (12)
 I - a wand of paralysis (15)
 P - a wand of flame (17)
 Q - a wand of iceblast (10)
Scrolls
 h - a scroll of enchant weapon
 k - a scroll of identify
 l - 4 scrolls of poison
 m - 8 scrolls of fear
 q - 6 scrolls of teleportation
 r - 3 scrolls of butterflies
 S - 3 scrolls of blinking
Potions
 d - a potion of ambrosia
 e - a potion of invisibility
 i - 4 potions of heal wounds
 o - a potion of cancellation {unknown}
 t - 2 potions of berserk rage
 w - 2 potions of magic
 x - 11 potions of curing
 z - 2 potions of might
 A - a potion of haste
 B - a potion of flight
 N - 2 potions of lignification
Miscellaneous
 j - a lightning rod (4/4)
 L - a box of beasts


   Skills:
 + Level 16.1 Fighting
 + Level 16.2 Axes
 + Level 13.2 Armour
 + Level 10.0 Dodging
 - Level 8.2 Shields
 + Level 7.6 Evocations


You had 13 spell levels left.
You didn't know any spells.
Your spell library was empty.

Dungeon Overview and Level Annotations

Branches:
Dungeon (10/15)            Temple (0/1) D:6            Lair (5/5) D:8
  Swamp (0/4) Lair:3       Spider (0/4) Lair:3        Slime (0/5) Lair:4
    Orc (2/2) D:9             Elf (1/3) Orc:2       Gauntlet (visited)

Altars:
Ashenzari
Fedhas
Nemelex Xobeh
Sif Muna
Zin

Shops:
D:5 **(   D:9 [   Orc:1 [   Orc:2 [(?*


Innate Abilities, Weirdness & Mutations

You have a pair of horns on your head.
You reflexively headbutt those who attack you in melee.


Message History

The orc sorcerer dies!
The sun demon disappears in a puff of smoke!
The hellwing disappears in a puff of smoke!
The deep elf archer shoots an arrow.
The arrow hits you!
The deep elf archer hits you but does no damage.
Space warps horribly around you!
* * * LOW HITPOINT WARNING * * *
The deep elf zephyrmancer mumbles some strange words.
The deep elf zephyrmancer blinks!
You feel much better.
The deep elf archer shoots an arrow.
The arrow hits you!!
* * * LOW HITPOINT WARNING * * *
The deep elf archer barely misses you.
The deep elf zephyrmancer gestures wildly while chanting.
The deep elf zephyrmancer blinks!
The deep elf pyromancer gestures wildly while chanting.
The deep elf pyromancer blinks!
You feel much better.
You hear some strange, mumbled words.
A lance of force appears from out of thin air!
The lance of force hits you.
You are knocked back by the lance of force.
The deep elf archer unwields a +1 dagger of distortion.
Its appearance distorts for a moment.
The deep elf archer wields a +0 shortbow.
The deep elf archer shoots an arrow.
The arrow hits you.
The deep elf pyromancer mumbles some strange words.
The deep elf pyromancer blinks!
The deep elf zephyrmancer mumbles some strange words.
The deep elf zephyrmancer blinks!
The deep elf archer shoots an arrow.
The arrow completely misses you.
The deep elf knight shoots an arrow.
The arrow hits you!
The deep elf knight mumbles some strange words.
The deep elf knight flickers and vanishes!
You hear a twanging sound.
An arrow appears from out of thin air!
The arrow barely misses you.
The deep elf zephyrmancer casts a spell at you.
The bolt of lightning hits you!!
* * * LOW HITPOINT WARNING * * *
The bolt of lightning hits you!!
You die...

#.....#.#...#.............#...
.##....e##.###.#####.#####......
......e..##.#..# #.#####.####.
#......e###.#.# #....##.# ##.
#..ee.e....# #.##.##.# #..
#..####{###.#######.##.##.# #..
#.#....#........##...[.....# #..
##............##.####.######..
..#..........@##.####.##......
.>.##..#........#.#.....)......
#.. #...#........#.#.##.##......
.# .#..#.e......#.#.##.##.###..
......(.............##.# #..
.#####.###.#.#...#..##.# #.. ##
#.###.#.....#..##.###.. ..
#.#.#.###.........##... #.
#..#...##..##..###.....


You could see a deep elf archer (repels missiles), a deep elf pyromancer and 2
deep elf zephyrmancers.

Vanquished Creatures
  A quicksilver ooze (Gauntlet)
  An ettin (Orc:2)
  3 hydras
  3 two-headed ogres
  A catoblepas (Lair:4)
  3 death yaks (Lair:2)
  2 orc high priests (Orc:2)
  Sonja (Orc:2)
  2 goliath frogs (Lair:5)
  2 bog bodies (Lair:3)
  A deep elf archer (Elf:1)
  A lindwurm (Lair:4)
  A cyclops (Orc:2)
  6 deep elf zephyrmancers (Elf:1)
  An oklob plant (Lair:5)
  An orc sorcerer (Orc:2)
  3 deep elf pyromancers (Elf:1)
  8 orc knights (Orc:2)
  An elephant (Lair:4)
  6 black mambas
  A gargoyle (D:10)
  6 komodo dragons
  14 cane toads
  3 rime drakes
  4 meliai
  2 polar bears
  A troll (Orc:2)
  A blink frog (shapeshifter) (Elf:1)
  34 blink frogs
  2 tyrant leeches (Lair:5)
  A dream sheep (Lair:4)
  2 hornets (Gauntlet)
  6 saltlings (Orc:2)
  Grinder (D:3)
  3 water elementals (Elf:1)
  An air elemental (Elf:1)
  7 wyverns
  Eustachio (D:4)
  A fire elemental (Elf:1)
  A basilisk (Lair:4)
  18 yaks
  5 vampire mosquitoes (Lair:5)
  4 steam dragons
  2 wargs (Orc:2)
  6 swamp worms
  13 water moccasins
  An acid dragon (D:7)
  17 orc warriors
  A black bear (Lair:1)
  2 ice beasts
  3 sky beasts (D:7)
  8 ogres
  4 centaurs
  3 small abominations (Gauntlet)
  A phantom (D:4)
  4 kobold brigands
  23 bullfrogs
  3 necrophages
  9 scorpions
  An earth elemental (Elf:1)
  A gnoll sergeant (D:9)
  18 wights
  16 killer bees
  5 electric eels
  4 howler monkeys
  3 lava snakes (Lair:1)
  4 hounds
  5 jellies
  17 orc priests
  Jessica (D:2)
  An iguana (D:5)
  11 orc wizards
  10 adders
  10 gnolls
  A white imp (D:6)
  2 ufetubi
  3 worms (D:2)
  2 dart slugs
  57 orcs
  8 ball pythons
  5 bats
  7 endoplasms
  A giant cockroach (D:4)
  3 goblins
  9 hobgoblins
  7 jackals
  21 kobolds
  4 quokkas
  A frilled lizard (D:1)
  7 rats
  2 butterflies (Lair:5)
  5 pillars of salt (Orc:2)
519 creatures vanquished.

Vanquished Creatures (collateral kills)
  A minotaur (Gauntlet)
  A boulder beetle (Lair:4)
  A bullfrog (Lair:4)
3 creatures vanquished.

Vanquished Creatures (others)
  A deep elf knight (Elf:1)
  An orc sorcerer (Elf:1)
  32 fungi
  6 pillars of salt (Orc:2)
  97 plants
  8 toadstools (Lair:4)
145 creatures vanquished.

Grand Total: 667 creatures vanquished

Notes
Turn   | Place    | Note
-------+----------+-------------------------------------------
     0 | D:1      | Radix the Minotaur Berserker began the quest for the Orb.
     0 | D:1      | Reached XP level 1. HP: 19/19 MP: 0/0
   420 | D:1      | Reached XP level 2. HP: 13/27 MP: 1/1
   801 | D:1      | Reached XP level 3. HP: 32/34 MP: 2/2
   994 | D:1      | Found a faded altar of an unknown god.
  1763 | D:2      | Reached skill level 5 in Fighting
  1763 | D:2      | Reached skill level 5 in Axes
  1763 | D:2      | Reached XP level 4. HP: 42/42 MP: 3/3
  1821 | D:2      | Noticed Jessica
  1825 | D:2      | Killed Jessica
  1830 | D:2      | Reached ** piety under Trog
  2009 | D:2      | You fall into a shaft and drop 1 floor!
  2222 | D:2      | Reached XP level 5. HP: 48/48 MP: 4/4
  2704 | D:3      | Noticed Grinder
  2718 | D:3      | Paralysed by Grinder for 5 turns
  2727 | D:3      | Killed Grinder
  2728 | D:3      | Reached XP level 6. HP: 58/58 MP: 5/5
  3180 | D:4      | Found a transporter.
  3187 | D:4      | Found a transporter.
  3198 | D:4      | Found a shimmering blue altar of Sif Muna.
  3198 | D:4      | Noticed Eustachio
  3229 | D:4      | Killed Eustachio
  3230 | D:4      | Reached XP level 7. HP: 66/66 MP: 6/6
  3699 | D:4      | Found a sparkling altar of Nemelex Xobeh.
  4041 | D:5      | Entered Level 5 of the Dungeon
  4050 | D:5      | Reached XP level 8. HP: 75/75 MP: 7/7
  4397 | D:5      | Reached skill level 10 in Fighting
  4397 | D:5      | Reached skill level 10 in Axes
  4628 | D:5      | Found Moir's Weapon Boutique.
  4824 | D:5      | Found Paran's General Store.
  4828 | D:5      | Bought a scroll of teleportation for 39 gold pieces
  4848 | D:5      | Found Divobb's Assorted Antiques.
  4851 | D:5      | Bought a scroll labelled NUGIPS HIBBAOR for 24 gold pieces
  4940 | D:5      | Identified 2 scrolls of acquirement
  4940 | D:5      | Acquired the +0 pair of fencer's gloves {Riposte Dex+3}
  4940 | D:5      | Found the +0 pair of fencer's gloves {Riposte Dex+3}
  4953 | D:5      | Acquired 876 gold pieces
  4974 | D:6      | Reached *** piety under Trog
  5043 | D:6      | Found a staircase to the Ecumenical Temple.
  5088 | D:6      | Reached XP level 9. HP: 79/86 MP: 8/8
  5136 | D:6      | Found a broken altar of Ashenzari.
  5516 | D:6      | Reached skill level 5 in Armour
  6104 | D:7      | Reached **** piety under Trog
  6310 | D:7      | Reached XP level 10. HP: 54/97 MP: 9/9
  7116 | D:8      | Found a blossoming altar of Fedhas.
  7116 | D:8      | Found a glowing silver altar of Zin.
  7146 | D:8      | Found a staircase to the Lair.
  7174 | D:8      | Reached skill level 1 in Shields
  7431 | Lair:1   | Entered Level 1 of the Lair of Beasts
  7659 | Lair:1   | Noticed a cane toad
  7668 | Lair:1   | Killed a cane toad
  7669 | Lair:1   | Reached XP level 11. HP: 100/107 MP: 10/10
  8255 | Lair:1   | Reached skill level 1 in Evocations
  8399 | Lair:2   | Reached ***** piety under Trog
  8602 | Lair:2   | Noticed a death yak
  8602 | Lair:2   | Noticed a death yak
  8604 | Lair:2   | Noticed a death yak
  8616 | Lair:2   | Killed a death yak
  8617 | Lair:2   | Reached skill level 5 in Dodging
  8619 | Lair:2   | Killed a death yak
  8620 | Lair:2   | Reached skill level 5 in Shields
  8623 | Lair:2   | Killed a death yak
  9166 | Lair:3   | Found a hole to the Spider Nest.
  9175 | Lair:3   | Reached skill level 10 in Armour
  9390 | Lair:3   | Noticed a bog body
  9397 | Lair:3   | Killed a bog body
  9398 | Lair:3   | Reached XP level 12. HP: 66/116 MP: 11/11
 10012 | Lair:3   | Found a staircase to the Swamp.
 10161 | Lair:4   | Found a staircase to the Slime Pits.
 10161 | Lair:4   | Noticed a boulder beetle
 10170 | Lair:4   | Noticed an eight-headed hydra
 10180 | Lair:4   | Killed a boulder beetle
 10181 | Lair:4   | Killed an 11-headed hydra
 10188 | Lair:4   | Noticed a four-headed hydra
 10203 | Lair:4   | Killed a nine-headed hydra
 10345 | Lair:4   | Found a gate leading to a gauntlet.
 10359 | Gauntlet | Entered a Gauntlet
 10359 | Gauntlet | Found a transporter.
 10369 | Gauntlet | Found a transporter.
 10372 | Gauntlet | Found a transporter.
 10373 | Gauntlet | Found a transporter.
 10377 | Gauntlet | Found a runed translucent door.
 10377 | Gauntlet | Found a runed translucent door.
 10381 | Gauntlet | Found a transporter.
 10384 | Gauntlet | Found a transporter.
 10385 | Gauntlet | Found a transporter.
 10396 | Gauntlet | Found a transporter.
 10397 | Gauntlet | Found a transporter.
 10399 | Gauntlet | Found a transporter.
 10412 | Gauntlet | Found a transporter.
 10413 | Gauntlet | Found a transporter.
 10415 | Gauntlet | Noticed a quicksilver ooze
 10417 | Gauntlet | Found a transporter.
 10426 | Gauntlet | Found a transporter.
 10614 | Gauntlet | Identified the amulet "Sor Vius" {Regen+ Str+2}
 10692 | Gauntlet | Killed a quicksilver ooze
 10764 | Gauntlet | Identified the -1 buckler of Indemnity {rF++ rC+ Dex-3
                  | Stlth+}
 10764 | Gauntlet | Noticed a minotaur
 10771 | Gauntlet | Killed a minotaur
 10772 | Gauntlet | Reached skill level 5 in Evocations
 10786 | Gauntlet | Identified the +11 battleaxe of Day {flame, rElec}
 10795 | Gauntlet | Identified the +6 dagger of Joelorid {drain, Drain Str+2
                  | Dex+2}
 11251 | Lair:4   | Noticed a catoblepas
 11273 | Lair:4   | Found a runed translucent door.
 11308 | Lair:4   | Killed a catoblepas
 11321 | Lair:4   | Reached XP level 13. HP: 115/125 MP: 12/12
 11326 | Lair:4   | Identified the +2 robe of the Old World {rPois Str+4
                  | Slay-5}
 11498 | Lair:5   | Entered Level 5 of the Lair of Beasts
 11576 | Lair:5   | Reached skill level 15 in Fighting
 11651 | Lair:5   | Reached skill level 15 in Axes
 11899 | Lair:5   | Received a gift from Trog
 12913 | D:9      | Found Lylez's Armour Shoppe.
 12920 | D:9      | Found a staircase to the Orcish Mines.
 13659 | D:10     | Entered Level 10 of the Dungeon
 14333 | Orc:1    | Entered Level 1 of the Orcish Mines
 14345 | Orc:1    | Found Kexij's Armour Shoppe.
 14494 | Orc:2    | Entered Level 2 of the Orcish Mines
 14494 | Orc:2    | Noticed Sonja
 14510 | Orc:2    | Killed Sonja
 14573 | Orc:2    | Noticed an ettin
 14584 | Orc:2    | Killed an ettin
 14848 | Orc:2    | Found a staircase to the Elven Halls.
 14904 | Orc:2    | Reached XP level 14. HP: 136/136 MP: 13/13
 15209 | Orc:2    | Found Robime's Armour Emporium.
 15214 | Orc:2    | Bought the +0 pair of boots of the Crypt {Str+4 Int+3} for
                  | 393 gold pieces
 15235 | Orc:2    | Found Mypla's Magic Scroll Shop.
 15251 | Orc:2    | Found Onlunk's Weapon Shop.
 15262 | Orc:2    | Bought a scroll of identify for 30 gold pieces
 15262 | Orc:2    | Bought a scroll of identify for 30 gold pieces
 15262 | Orc:2    | Bought a scroll of enchant weapon for 112 gold pieces
 15262 | Orc:2    | Bought a scroll of enchant weapon for 112 gold pieces
 15262 | Orc:2    | Bought a scroll of blinking for 112 gold pieces
 15262 | Orc:2    | Bought a scroll of identify for 30 gold pieces
 15318 | Orc:2    | Found Tosamaps's Assorted Antiques.
 15328 | Orc:2    | Bought an embroidered cloak for 150 gold pieces
 15328 | Orc:2    | Bought a viscous grey potion for 18 gold pieces
 15328 | Orc:2    | Bought a bloodstained broad axe for 180 gold pieces
 15328 | Orc:2    | Identified the +5 broad axe of the Narrow God {drain,
                  | Fragile rC+++ rCorr SInv} (You bought it in a shop on level
                  | 2 of the Orcish Mines)
 15328 | Orc:2    | Bought a blackened opal ring for 100 gold pieces
 15328 | Orc:2    | Bought a potion of heal wounds for 100 gold pieces
 15566 | Elf:1    | Entered Level 1 of the Elven Halls
 15580 | Elf:1    | Received a gift from Trog
 15748 | Elf:1    | Reached skill level 10 in Dodging
 15907 | Elf:1    | Paralysed by an air elemental for 1 turns
 15909 | Elf:1    | Paralysed by an air elemental for 1 turns
 16102 | Elf:1    | Killed from afar by a deep elf zephyrmancer

Illustrated notes

Levels and vault maps discovered:
D:1:      onia_arrival_mini_maze, layout_loops_cross,
          hellmonk_ecumenical_altar_inner_sanctum, st_stairs_8
D:2:      layout_loops_cross, minmay_heptomino_h4, uniq_jessica
D:3:      layout_loops_ring, skrybe_limestone_x, kennysheep_generic_room_2,
          uniq_grinder
D:4:      layout_cave_pools, gammafunk_temple_overflow_arena, lemuel_tele_altar,
          chequers_serial_rivers_large_b, uniq_eustachio
D:5:      layout_cave_pools, serial_shops, nicolae_inconvenience_store,
          kennysheep_mini, shop, corexii_corridor_pit, minmay_strange_pillars,
          chequers_serial_rivers_room_a
D:6:      layout_gridville, mainiacjoe_overflow_catwalk,
          minmay_temple_entry_proselytizer, minmay_misc_feat_tiny,
          hangedman_decor_points
D:7:      layout_gridville, minmay_holes, minmay_liquid_box,
          hangedman_misty_isle
D:8:      layout_cave_pools, amethyst_overflow_temple_binary, lair_entry_dummy
D:9:      layout_basic, orc_david_3
D:10:     layout_roguey
Lair:1:   layout_small_grid, nicolae_lair_liquid_snakes, lemuel_fruit_tree
Lair:2:   layout_chaotic_city, grunt_megastairs_2
Lair:3:   layout_long_grid, nicolae_swamp_entry_splash_gauntlet,
          hellmonk_spider_entry_not_the_bees
Lair:4:   gammafunk_lair_enchanted_lake, layout_gridlike,
          nicolae_slime_entry_slimehenge, serial_rivers,
          chequers_serial_rivers_micro_b, chequers_serial_rivers_micro_a,
          chequers_serial_rivers_micro_c, chequers_serial_rivers_small_b,
          chequers_serial_rivers_micro_b, gauntlet_entry_generic
Lair:5:   minmay_lair_end_frog_pond, layout_small_grid, lemuel_fruit_fields
Orc:1:    layout_caves, serial_shops, shop
Orc:2:    hellmonk_orc_salted, layout_diamond_mine, mines1_david, uniq_sonja
Elf:1:    elf_arrival_001, layout_loops_cross, evilmike_minifort

Skill      XL: |  1  2  3  4  5  6  7  8  9 10 11 12 13 14 |
---------------+-------------------------------------------+-----
Fighting       | 4 5 6 7 8 10 11 13 14 15 16 | 16.1
Axes           | 4 5 6 7 8 10 11 13 14 15 16 | 16.2
Armour         | 3 6 8 10 11 12 13 | 13.2
Shields        | 3 5 7 8 |  8.2
Dodging        | 3 5 7 9 10 | 10.0
Evocations     | 3 5 6 7 |  7.6

Action                   |  1- 3 |  4- 6 |  7- 9 | 10-12 | 13-15 || total
-------------------------+-------+-------+-------+-------+-------++-------
Melee: Hand axe          |    83 |   107 |    37 |       |       ||   227
       Headbutt          |     9 |    14 |    31 |    96 |    64 ||   214
       War axe           |       |       |   150 |   350 |       ||   500
       Battleaxe         |       |       |       |    28 |   244 ||   272
       Executioner's axe |       |       |       |       |    36 ||    36
Throw: Dart              |       |     1 |       |       |       ||     1
       Javelin           |       |       |       |       |     1 ||     1
Invok: Berserk           |     1 |     3 |     2 |     3 |     1 ||    10
       Trog's Hand       |       |     2 |     4 |     6 |     1 ||    13
       Brothers in Arms  |       |       |       |     2 |       ||     2
  Use: Scroll            |       |     1 |    13 |    12 |    16 ||    42
       Potion            |       |       |       |       |     4 ||     4
 Stab: Petrified         |       |       |       |     2 |       ||     2
Armor: Chain mail        |    37 |    44 |    25 |       |       ||   106
       Plate armour      |       |       |    48 |   170 |   155 ||   373
Dodge: Dodged            |    27 |    31 |    90 |   236 |   228 ||   612
Block: Other             |    11 |    14 |       |       |       ||    25
       Reflection        |     1 |       |     2 |       |       ||     3
       Buckler           |       |    19 |    58 |    74 |       ||   151
       Rpst.: War axe    |       |       |    23 |    81 |       ||   104
       Battleaxe         |       |       |       |     5 |    49 ||    54
       Executioner's axe |       |       |       |       |     8 ||     8
